AoeStats
← Dru Peacock the Flacid

Arena

505513745Analyzed
2v2 RM · 23d ago on Sep 9, 2026· 46m 12s· 4 players
Game mode
Random Map
Map size
Medium (4 player)
Population
200
Speed
Normal
Resources
Standard
Victory
Conquest
Starting age
Dark Age
Ending age
Imperial Age
RankedLock teamsTeams togetherTeam positionsShared explorationLock speedFull tech treeHidden civsTurbo modeCheats
Victory
Defeat
🇬🇧 Turks · United Kingdom
873
+16
🇦🇷 Romans · Argentina
839
+17
🇦🇹 Persians · Austria
898
-44
🇸🇮 Franks · Slovenia
827
-15
Macolar
2:06 Loom
12:02 Feudal Age
18:13 Castle Age
16:06 Double-Bit Axe
16:22 Gold Mining
19:14 Crossbowman
19:49 Fletching
20:20 Bow Saw
23:41 Scale Barding Armor
25:22 Forging
32:11 Elite Skirmisher
33:44 Chain Barding Armor
41:44 Imperial Age
39:14 Bodkin Arrow
41:56 Iron Casting
42:45 Cavalier
celibacy4life
11:31 Feudal Age
14:11 Loom
17:08 Castle Age
15:35 Horse Collar
16:51 Double-Bit Axe
17:16 Stone Mining
17:22 Gold Mining
19:37 Fletching
20:13 Bow Saw
20:23 Heavy Plow
29:55 Imperial Age
27:13 Town Watch
29:01 Gold Shaft Mining
29:03 Stone Shaft Mining
29:26 Ballistics
29:02 Murder Holes
29:14 Bodkin Arrow
30:31 Wheelbarrow
31:31 Chemistry
32:29 Crop Rotation
33:26 Two-Man Saw
32:50 Elite Skirmisher
33:36 Thumb Ring
33:35 Padded Archer Armor
33:47 Forging
41:07 Pikeman
44:12 Hand Cart
43:59 Town Patrol
44:17 Leather Archer Armor
44:03 Scale Mail Armor
44:08 Scale Barding Armor
44:16 Masonry
46:10 Architecture
46:18 Conscription
Dru Peacock the Flacid
11:30 Feudal Age
12:10 Double-Bit Axe
15:41 Horse Collar
15:54 Gold Mining
16:40 Loom
18:57 Castle Age
19:26 Stone Mining
25:37 Imperial Age
25:45 Masonry
25:51 Bow Saw
29:19 Bloodlines
29:13 Fletching
32:00 Conscription
34:24 Gold Shaft Mining
35:28 Wheelbarrow
34:39 Town Watch
37:32 Artillery
38:58 Ballistics
39:37 Hand Cart
40:58 Town Patrol
42:45 Heavy Plow
42:35 Heavy Camel Rider
43:38 Bodkin Arrow
45:42 Forging
45:38 Scale Barding Armor
45:34 Padded Archer Armor
Predatory Shadow
11:20 Feudal Age
11:24 Loom
16:19 Castle Age
14:41 Double-Bit Axe
14:49 Horse Collar
17:12 Gold Mining
18:57 Wheelbarrow
21:26 Town Watch
21:55 Stone Mining
21:48 Pikeman
23:12 Squires
23:41 Heavy Plow
25:32 Bow Saw
25:04 Man-at-Arms
27:28 Ballistics
27:40 Hand Cart
27:42 Fletching
27:52 Padded Archer Armor
28:23 Murder Holes
28:40 Fortified Wall
28:41 Long Swordsman
28:46 Elite Skirmisher
29:55 Masonry
29:50 Scale Mail Armor
33:57 Imperial Age
33:24 Forging
33:29 Chain Mail Armor
33:16 Padded Archer Armor
34:13 Town Patrol
34:01 Legionary
34:52 Heavy Scorpion
36:14 Iron Casting
35:54 Chain Mail Armor
36:13 Conscription
36:58 Gold Shaft Mining
37:01 Crop Rotation
36:58 Sappers
37:29 Heavy Scorpion
39:24 Ballistas
39:50 Comitatenses
39:40 Ballistas
45:39 Blast Furnace
44:55 Chain Mail Armor
44:36 Bodkin Arrow
44:56 Leather Archer Armor
Connection lost

Rejoining the realm…

Still unreachable

The connection could not be restored.

Session expired

The server has moved on; the page needs a fresh start.